Map: Curious Minds LE

Players

AgoElazer (Elazer)

  • Race: Zerg Zerg

Scarlett - Winner!

  • Race: Zerg Zerg
  • League: Master

Event: DreamHack SC2 Masters Last Chance 2022

VOD

Have the link to the VOD?

Description

Time

  • Played on: Dec. 19, 2021, 6:19 p.m.
  • Length: 9:14

All games in this series

Show
View Real Time Build Order
Export as new Build Order

AgoElazer Zerg 

Build Orders: Hatch First 

Get SALT Encoding   

  12  0:00  Drone  
  13  0:12  Overlord  
  13  0:17  Drone  
  14  0:31  Drone x2  
  16  0:47  Hatchery  
  15  0:51  Drone  
  15  0:54  Drone  
  17  0:58  Drone  
  18  1:08  Extractor  
  17  1:12  Spawning Pool  
  17  1:16  Drone  
  17  1:19  Drone  
  18  1:28  Drone  
  19  1:39  Drone  
  20  1:59  Queen x2  
  20  2:00  Zergling x6  
  27  2:04  Spine Crawler  
  26  2:10  Spine Crawler  
  26  2:13  Spine Crawler  
  26  2:21  Zergling x2  
  26  2:35  Zergling x4  
  25  2:43  Zergling x2  
  23  2:59  Queen  
  23  3:03  Drone  
  26  3:06  Drone  
  26  3:12  Overlord  
  27  3:16  Drone  
  27  3:37  Zergling x12  
  24  3:52  Drone x2  
  24  4:01  Drone x2  
  26  4:10  Drone  
  26  4:11  Drone  
  28  4:24  Overlord  
  28  4:25  Drone  
  28  4:30  Drone  
  28  4:31  Drone  
  27  4:35  Drone  
  28  4:42  Zergling x4  
  30  4:49  Metabolic Boost  
  30  4:57  Drone x3  
  33  5:00  Drone  
  33  5:05  Drone  
  33  5:06  Drone  
  36  5:09  Drone  
  37  5:15  Drone x2  
  39  5:23  Overlord  
  39  5:30  Drone x3, Baneling Nest  
  41  5:36  Drone x2  
  41  5:40  Overlord  
  43  5:53  Zergling x8  
  43  5:56  Zergling x6  
  50  6:13  Hatchery  
  50  6:16  Zergling x8  
  53  6:23  Zergling x10  
  58  6:31  Zergling x4  
  60  6:37  Overlord  
  59  6:44  Baneling x8  
  59  6:48  Baneling  
  59  7:02  Drone x8  
  66  7:10  Overlord  
  66  7:12  Drone x2  
  65  7:21  Roach Warren  
  63  7:23  Drone x4  
  63  7:26  Drone x3  
  63  7:28  Extractor  
  69  7:30  Evolution Chamber  
  69  7:31  Drone  
  69  7:34  Overlord  
  69  7:35  Drone  
  69  7:36  Extractor  
  69  7:42  Overlord  
  69  7:51  Extractor  
  68  8:01  Roach x9  
  86  8:07  Spine Crawler  
  86  8:11  Roach x2  
  86  8:21  Roach x3  
  85  8:30  Roach x3  
  85  8:33  Zergling x2  
  88  8:37  Zergling x6  
  89  8:47  Roach x5  
Show
View Real Time Build Order
Export as new Build Order

Scarlett Zerg - Winner!

Build Orders: 1 Base Baneling Bust, Pool First 

Get SALT Encoding   

  12  0:00  Drone  
  13  0:07  Extractor  
  12  0:24  Spawning Pool  
  11  0:31  Drone  
  11  0:34  Drone  
  13  0:40  Drone  
  14  0:50  Overlord  
  14  1:10  Metabolic Boost, Zergling x4  
  16  1:14  Zergling x2  
  17  1:24  Zergling x2  
  18  1:28  Baneling Nest  
  17  1:37  Zergling x2  
  18  1:46  Zergling x2  
  19  1:57  Zergling x2  
  20  2:11  Zergling x2  
  21  2:21  Baneling x2  
  21  2:23  Zergling x2  
  22  2:31  Baneling  
  22  2:39  Baneling  
  22  2:41  Hatchery  
  16  2:54  Zergling x6  
  18  3:01  Baneling  
  18  3:03  Queen  
  20  3:08  Drone  
  20  3:18  Drone  
  21  3:26  Overlord  
  20  3:39  Queen  
  21  3:43  Drone  
  21  3:48  Drone  
  21  3:58  Zergling x2  
  21  3:59  Queen  
  21  4:01  Zergling x2  
  25  4:06  Zergling x2  
  26  4:13  Zergling x2, Baneling x2  
  27  4:19  Drone x2  
  29  4:30  Drone x4  
  31  4:38  Overlord  
  31  4:43  Overlord  
  31  4:50  Overlord  
  31  4:59  Drone x4  
  35  5:03  Drone x2  
  37  5:12  Drone x2  
  37  5:14  Drone  
  40  5:18  Drone x2  
  42  5:21  Drone  
  42  5:22  Drone  
  44  5:34  Drone x2  
  45  5:42  Zergling x4  
  47  5:43  Drone x3  
  47  5:44  Evolution Chamber  
  47  5:49  Hatchery  
  48  5:50  Baneling  
  48  5:51  Drone  
  48  5:53  Drone x2  
  51  5:57  Drone, Extractor  
  51  5:58  Extractor  
  51  6:00  Drone  
  51  6:06  Roach Warren  
  50  6:12  Zerg Ground Armor Level 1  
  50  6:14  Zergling x2  
  50  6:15  Overlord  
  51  6:21  Baneling  
  51  6:23  Baneling  
  51  6:28  Overlord  
  51  6:31  Zergling x2  
  51  6:36  Drone x6  
  57  6:40  Overlord  
  57  6:49  Roach  
  57  6:50  Roach x3  
  57  6:52  Roach  
  67  6:55  Overlord  
  67  7:01  Roach x2  
  71  7:05  Roach x2  
  76  7:12  Baneling x2  
  76  7:15  Roach  
  77  7:18  Evolution Chamber, Roach  
  77  7:19  Roach x2  
  77  7:24  Overlord  
  77  7:26  Roach x3, Extractor  
  77  7:28  Baneling  
  77  7:29  Evolution Chamber  
  82  7:35  Overlord  
  82  7:46  Zergling x6  
  85  7:51  Zergling x8  
  85  7:56  Zergling x8  
  93  8:01  Hatchery  
  93  8:05  Baneling x4  
  92  8:09  Lair  
  92  8:13  Overlord  
  92  8:14  Overlord  
  91  8:26  Zergling x4  
  91  8:27  Zergling x6  
  93  8:31  Baneling  
  93  8:32  Zergling x8  
  93  8:34  Ravager  
  93  8:35  Ravager  
  93  8:36  Zergling x2  
  93  8:38  Zergling x2  
  93  8:48  Ravager, Roach x4  
  97  8:51  Ravager, Roach  
  97  8:53  Ravager  
  95  9:02  Ravager  

Tags
 
Add a new tag
Caveats
  • Supply blocks, unpowered buildings, or Contaminate may cause inaccurate times.
  • Supply counts are checked every 10 seconds.